 Dungeon Crawl Stone Soup version 0.30-a0-462-gd5975efbca (webtiles) character file.

Game seed: 9691540029079137351

304 porpoise the Chopper (level 6, -3/48 HPs)
             Began as a Demonspawn Gladiator on Dec 17, 2022.
             Killed from afar by an orc wizard (9 damage)
             ... with a magic dart
             ... on level 4 of the Dungeon.
             The game lasted 00:10:30 (3084 turns).

porpoise the Chopper (Demonspawn Gladiator)         Turns: 3084, Time: 00:10:30

Health: -3/48      AC:  5    Str: 17    XL:     6   Next: 15%
Magic:  6/6        EV: 12    Int:  9    God:
Gold:   186        SH:  0    Dex: 14    Spells: 5/5 levels left

rFire   . . .      SeeInvis .    a - +2 war axe (elec)
rCold   . . .      Faith    .    (no shield)
rNeg    . . .      Spirit   .    k - +1 troll leather armour {Pargi}
rPois   .          Reflect  .    (helmet restricted)
rElec   .          Harm     .    (no cloak)
rCorr   .          Rampage  .    (no gloves)
Will    .....                    (no boots)
Stlth   +.........               (no amulet)
HPRegen 1.08/turn                (no ring)
MPRegen 0.10/turn                (no ring)

@: confused
A: horns 1, demonic magic 1
a: no special abilities


You were on level 4 of the Dungeon.
You visited 1 branch of the dungeon, and saw 4 of its levels.

You collected 186 gold pieces.

Inventory:

Hand Weapons
 a - a +2 war axe of electrocution (weapon)
Missiles
 d - a throwing net (quivered)
 e - a javelin
Armour
 g - a +0 ring mail
 k - a +1 troll leather armour (worn) {Pargi}
Jewellery
 i - a ring of fire
Wands
 b - a wand of iceblast (14)
Scrolls
 c - a scroll of blinking
 f - 6 scrolls of teleportation
 h - a scroll of enchant armour
 j - a scroll of fog {unknown}
Potions
 n - 2 potions of attraction


   Skills:
 + Level 4.0 Fighting
 * Level 5.4 Axes
 - Level 1.7 Throwing
 - Level 2.6 Dodging


You had 5 spell levels left.
You didn't know any spells.
Your spell library contained the following spells:

 Spells                   Type           Power      Damage    Failure   Level
 Apportation              Tloc           0%         N/A       45%         1
 Necrotise                Necr           0%         1d4       45%         1
 Summon Small Mammal      Summ           0%         N/A       45%         1


Dungeon Overview and Level Annotations

Branches:
Dungeon (4/15)
 Temple: D:4-7

Altars:
Wu Jian

Shops:
D:2 (


Innate Abilities, Weirdness & Mutations

You have a pair of small horns on your head.
Spells you cast may paralyse adjacent enemies.


Message History

The phantom is heavily damaged.
The phantom barely misses you. The phantom hits you.
The phantom blinks!
You blink.
The orc barely misses you.
You barely miss the orc. Your headbutt misses the orc.
The orc is heavily wounded.
You miss the phantom. You hit something.
You feel less confused. Something hits you. The orc hits you with a +0 dagger.
The phantom completely misses you.
You completely miss the phantom.
The phantom is heavily damaged.
You miss something. You hit the orc but do no damage. Something hits you.
The orc misses you. The phantom hits you.
The phantom blinks!
You blink.
You hit the phantom but do no damage.
The phantom is heavily damaged.
You barely miss the orc.
The phantom hits you but does no damage.
You hear some strange, mumbled words.
You are confused.
The orc misses you.
You hear some strange, mumbled words.
A puff of flame appears from out of thin air!
The puff of flame hits you! The orc hits you with a +0 dagger.
The phantom hits you.
* * * LOW HITPOINT WARNING * * *
The phantom blinks!
You blink.
Found a mace.
Found an escape hatch in the floor.
Okay, then.
Unknown command.
You miss the phantom.
The phantom is heavily damaged.
The phantom hits you.
* * * LOW HITPOINT WARNING * * *
The phantom blinks!
You blink.
The phantom attacks as you move away! The phantom hits you!
* * * LOW HITPOINT WARNING * * *
A magic dart appears from out of thin air!
The magic dart hits you!
You die...

#########...........
#.......# ......... . .
#.....<.# #..# ...#..
#.###.......###.###.#.).
............#...[....#
.....................#
............#...§....#
...........)..{o...!.#..
####...†.....)..@........
##.........W......#..#
#...........#.#...>.#
#............!.......
............#####....#
...#............ ....#
......###.......# ..
.....# .....#.#.# .. #.
.#..###.#..


You could see a phantom and an orc.

Vanquished Creatures
  Pargi (D:3)
  A scorpion (D:4)
  Terence (D:3)
  Robin (D:3)
  2 adders
  A river rat (D:3)
  5 worms
  A dart slug (D:2)
  An orc (D:4)
  5 bats
  6 endoplasms
  3 giant cockroaches
  15 goblins
  6 hobgoblins
  8 jackals
  4 quokkas
  6 ball pythons (D:2)
  A frilled lizard (D:1)
  2 kobolds
  4 rats
74 creatures vanquished.

Notes
Turn   | Place    | Note
-------+----------+-------------------------------------------
     0 | D:1      | porpoise the Demonspawn Gladiator began the quest for the
                  | Orb.
     0 | D:1      | Reached XP level 1. HP: 16/16 MP: 1/1
   210 | D:1      | Reached skill level 3 in Axes
   368 | D:1      | Gained mutation: Spells you cast may paralyse adjacent
                  | enemies. [demonic ancestry]
   368 | D:1      | Reached XP level 2. HP: 22/22 MP: 2/2
  1095 | D:2      | Reached XP level 3. HP: 28/28 MP: 3/3
  1281 | D:2      | Found an ornate altar of the Wu Jian Council.
  1515 | D:2      | Found Maydisel's Weapon Shop.
  1961 | D:3      | Reached skill level 4 in Axes
  2014 | D:3      | Noticed Pargi
  2023 | D:3      | HP: 1/28 [Pargi (2)]
  2026 | D:3      | Killed Pargi
  2027 | D:3      | Reached XP level 4. HP: 3/35 MP: 4/4
  2027 | D:3      | Gained mutation: You have a pair of small horns on your
                  | head. [demonic ancestry]
  2027 | D:3      | Reached XP level 5. HP: 3/41 MP: 5/5
  2268 | D:3      | Noticed Terence
  2279 | D:3      | Killed Terence
  2427 | D:3      | Reached skill level 5 in Axes
  2801 | D:3      | Noticed Robin
  2812 | D:3      | Killed Robin
  3053 | D:4      | Reached XP level 6. HP: 48/48 MP: 6/6
  3084 | D:4      | Killed from afar by an orc wizard

Illustrated notes

Levels and vault maps discovered:
D:1:      dpeg_arrival_tiny_g, layout_basic, chequers_serial_rivers_micro_a,
          minmay_stone_trees_medium, chequers_serial_rivers_micro_a
D:2:      layout_loops_ring, serial_shops, nicolae_square_shop, basic_altar,
          chequers_serial_rivers_micro_c, corexii_hall_statues_l,
          minmay_misc_feat_columns, minmay_ruptured
D:3:      layout_loops_corners, gup_sewer_entry_spiral, uniq_robin,
          uniq_terence, uniq_pargi
D:4:      layout_rooms, nicolae_yredelemnul_corpse_copse,
          minmay_misc_feat_more_columns, skrybe_limestone_x

Skill      XL: |  1  2  3  4  5 |
---------------+----------------+-----
Axes           | 3 4 5 |  5.4
Fighting       | 3 4 |  4.0
Throwing       | |  1.7
Dodging        | |  2.6

Action                   |  1- 3 |  4- 6 || total
-------------------------+-------+-------++-------
Melee: War axe           |   104 |    59 ||   163
       Punch             |     1 |       ||     1
       Headbutt          |       |     6 ||     6
Throw: Throwing net      |     2 |     2 ||     4
  Use: Scroll            |     8 |     1 ||     9
       Potion            |     1 |       ||     1
 Stab: Sleeping          |     2 |       ||     2
Armor: Leather armour    |    29 |       ||    29
       Ring mail         |    14 |       ||    14
       Troll leather arm |       |    15 ||    15
Dodge: Dodged            |    63 |    34 ||    97

Table legend: (Time is in decaauts)
 A = Elapsed time spent in this place.
 B = Non-inter-level travel time spent in this place.
 C = Inter-level travel time spent in this place.
 D = Time resting spent in this place.
 E = Time spent auto-exploring this place.
 F = Levels seen in this place.
 G = Mean time per level.
                   A        B        C        D        E       F      G
               +--------+--------+--------+--------+--------+-----+--------+
         Total |   3172 |   3047 |    125 |    274 |   2127 |   4 |  793.0 |
       Dungeon |   3172 |   3047 |    125 |    274 |   2127 |   4 |  793.0 |
               +--------+--------+--------+--------+--------+-----+--------+

Top non-repeatable levels by time:
     D:3: 1426 daAuts
     D:1: 1011 daAuts
     D:2: 693 daAuts
     D:4: 42 daAuts
